 Dungeon Crawl Stone Soup version 0.30-a0-972-gf3ab3527aa (webtiles) character file.

Game seed: 4299006334349429509

69076 lunkers the Warrior (level 16, -7/155 (159) HPs)
             Began as a Meteoran Fighter on Mar 29, 2023.
             Was an Elder of Okawaru.
             Mangled by a wolf spider (12 damage)
             ... on level 4 of the Spider Nest on Mar 31, 2023.
             The game lasted 00:56:29 (10854 turns).

lunkers the Warrior (Meteoran Fighter)             Turns: 10854, Time: 00:56:29

HP:   -7/155 (159)  AC: 26    Str: 28    XL:     16   Next: 20%
MP:   0/20          EV: 13    Int:  8    God:    Okawaru [****..]
Gold: 1657          SH:  0    Dex: 14    Spells: 15/15 levels left

rFire   + . .      SeeInvis .    b - +3 mace
rCold   + . .      Faith    .    p - orb "Fuonwele" {light, rC- rN++ Str+3}
rNeg    + + .      Spirit   .    y - +2 chain mail {rC+}
rPois   +          Reflect  .    e - +1 helmet
rElec   .          Rampage  .    u - +1 cloak
rCorr   .                        M - +2 pair of gloves of the Cartwright {rF+ rC+ Regen+ Int-3}
Will    +++..                    s - +0 pair of boots Stlth
                                 n - amulet of regeneration
HPRegen 2.05/turn                o - ring of willpower
MPRegen 0.17/turn                r - ring of poison resistance

@: confused, about to teleport, marked, glowing, lightly drained
A: sense surroundings 2, otherworldly, glowing, explore regen
a: Renounce Religion, Heroism, Finesse


You were on level 4 of the Spider Nest.
You worshipped Okawaru.
Okawaru was greatly pleased with you.
You visited 4 branches of the dungeon, and saw 22 of its levels.
You also visited: Ossuary, Bailey and Ice Cave.

You collected 1657 gold pieces.

Inventory:

Hand Weapons
 b - a +3 mace (weapon)
 Y - a +3 demon blade of freezing
Missiles
 v - a silver javelin
 w - 14 boomerangs
 L - 2 atropa-tipped darts
Armour
 a - a +2 plate armour of cold resistance
 c - a +0 buckler
 e - a +1 helmet (worn)
 p - the orb "Fuonwele" (worn) {light, rC- rN++ Str+3}
   (You found it on level 7 of the Dungeon)

   Str:       It affects your strength (+3).
   rC:        It makes you vulnerable to cold.
   rN:        It greatly protects you from negative energy.
 s - a +0 pair of boots (worn)
 u - a +1 cloak (worn)
 y - a +2 chain mail of cold resistance (worn)
 E - a +4 scale mail
 G - a +2 leather armour of fire resistance
 H - the +0 chain mail of Focus {Contam rPois Regen+ Int-4}
   (Okawaru gifted it to you in an ice cave)

   Int:       It affects your intelligence (-4).
   rPois:     It protects you from poison.
   Contam:    It causes magical contamination when unequipped.
   Regen:     It increases your rate of health regeneration.
 J - +0 acid dragon scales
 M - the +2 pair of gloves of the Cartwright (worn) {rF+ rC+ Regen+ Int-3}
   (You found it on level 11 of the Dungeon)

   Int:       It affects your intelligence (-3).
   rF:        It protects you from fire.
   rC:        It protects you from cold.
   Regen:     It increases your rate of health regeneration.
 X - a +2 pair of gloves of hurling
Jewellery
 l - a ring of see invisible
 n - an amulet of regeneration (around neck)
 o - a ring of willpower (left hand)
 r - a ring of poison resistance (right hand)
 B - a +5 ring of evasion
 F - the ring of the Pure Tables {rC+ Stlth+}
   (You found it in an ice cave)

   [ring of protection from cold]

   rC:        It protects you from cold.
   Stlth:     It makes you more stealthy.
 I - a ring of positive energy
 O - a ring of wizardry
 Q - a ring of fire
Wands
 K - a wand of flame (9)
Scrolls
 d - a scroll of enchant weapon
 i - 3 scrolls of enchant armour
 j - 4 scrolls of amnesia
 m - 4 scrolls of poison
 D - 3 scrolls of identify
 N - a scroll of summoning
 R - 4 scrolls of fog
Potions
 f - 4 potions of haste
 h - 7 potions of mutation
 k - 6 potions of brilliance
 t - 4 potions of attraction
 x - 4 potions of ambrosia
 z - 9 potions of heal wounds
 C - a potion of magic
 P - 2 potions of cancellation
 T - a potion of might
 V - a potion of lignification
 W - a potion of resistance
Miscellaneous
 U - a piece from Xom's chessboard (15/15)


   Skills:
 + Level 18.8 Fighting
 - Level 14.0 Maces & Flails
 - Level 15.0 Armour
 - Level 10.0 Dodging
 - Level 3.6 Shields
 - Level 5.0 Invocations
 - Level 11.0 Evocations


You had 15 spell levels left.
You didn't know any spells.
Your spell library contained the following spells:

 Spells                   Type           Power      Damage    Failure   Level
 Kiss of Death            Conj/Necr      0%         2d5       83%         1
 Magic Dart               Conj           0%         1d3       83%         1
 Lesser Beckoning         Tloc           0%         N/A       92%         2
 Confusing Touch          Hex            0%         N/A       99%         3
 Dazzling Flash           Conj/Hex       0%         N/A       99%         3
 Gell's Gravitas          Tloc           0%         N/A       99%         3
 Mephitic Cloud           Conj/Pois/Air  0%         N/A       99%         3
 Ozocubu's Armour         Ice            0%         N/A       99%         3
 Teleport Other           Tloc           0%         N/A       99%         3
 Dispel Undead            Necr           0%         3d6       100%        4
 Iskenderun's Mystic Bla  Conj/Tloc      0%         2d3       100%        4
 Yara's Violent Unravell  Hex/Tmut       0%         3d3       100%        5
 Starburst                Conj/Fire      0%         6d3       100%        6
 Enfeeble                 Hex            0%         N/A       100%        7
 Ozocubu's Refrigeration  Ice            0%         4d7       100%        7
 Call Imp                 Summ           Unusable   N/A       N/A         2

Dungeon Overview and Level Annotations

Branches:
Dungeon (11/15) Zot: 714     Lair (5/5) D:10 Zot: 1108   Swamp (0/4) Lair:2
 Spider (4/4) Lair:2 Zot: 1714   Slime (0/5) Lair:4          Orc (2/2) D:9 Zot: 399
    Elf (0/3) Orc:2       Ossuary (visited)          Bailey (visited)
  IceCv (visited)
 Temple: D:4-7

Altars:
Dithmenos
Elyvilon
Hepliaklqana
Makhleb
Wu Jian
Xom
The Shining One
Lugonu

Annotations:
D:3 3 runed translucent doors, sugarbear's ghost, amateur DjFE
Orc:1 exclusion: oklob plant
Orc:2 1 transporter, patfeehan111222's ghost, journeyman MiBe


Innate Abilities, Weirdness & Mutations

You passively map the area around you.
You are easily found by Zot.
You glow in the dark.
You regain HP and MP as you explore.


Message History

The pharaoh ant closely misses you.
The tarantella touches you but does no damage.
The wolf spider hits you but does no damage.
The wolf spider bites you but does no damage.
A redback comes into view.
The redback bites you.
* * * LOW HITPOINT WARNING * * *
A wolf spider comes into view.
Unknown command.
The wolf spider attacks as you move away!
The wolf spider hits you but does no damage.
The wolf spider bites you but does no damage.
The redback attacks as you move away!
The redback bites you but does no damage.
The tarantella touches you!
* * * LOW HITPOINT WARNING * * *
The pharaoh ant completely misses you. The ghost moth stares at you.
You feel your power leaking away.
* * * LOW MAGIC WARNING * * *
The ghost moth hits you but does no damage.
The ghost moth hits you.
* * * LOW HITPOINT WARNING * * *
The ghost moth stings you but does no damage.
The wolf spider hits you but does no damage.
The wolf spider misses you. The spark wasp stings you.
* * * LOW HITPOINT WARNING * * *
The spark wasp shocks you!
* * * LOW HITPOINT WARNING * * *
The jumping spider leaps!
The pharaoh ant bites you.
* * * LOW HITPOINT WARNING * * *
The ghost moth stares at you.
The ghost moth hits you but does no damage.
The ghost moth misses you.
The ghost moth stings you but does no damage.
Unknown command.
Unknown command.
The wolf spider attacks as you move away!
The wolf spider misses you. The wolf spider bites you!
You die...

##### ,, #^~~~^ ^
, , #...... , , ,
###.[s....
###..ss..... **
#$sy@Bs?^... ,,
###^^syss°.... ^
*
###^^yssssss....
^ ^*
#^~...sBsy^...^#
*
#^...s..ssss#####
, ,
#....^....##s^.^.
, *^ *.![......^.


ss...,, .[!.........s..... , , φ................. , You could see an emperor
scorpion, a radroach (berserk), a ghost moth (invisible), a spark wasp, 5 wolf
spiders, 2 moths of wrath, 3 culicivoras, a pharaoh ant, a jumping spider, 7
tarantellas and 8 redbacks.

Vanquished Creatures
  A storm dragon (D:11)
  2 frost giants (IceCv)
  A white draconian (IceCv)
  2 entropy weavers (Spider:3)
  Josephine (D:11)
  3 hydras
  4 ice dragons (IceCv)
  4 ironbound frosthearts (IceCv)
  2 catoblepae
  2 two-headed ogres
  A deep troll shaman (Lair:5)
  2 boulder beetles
  12 death yaks
  An orc high priest (Bailey)
  2 skysharks
  A sun moth (Spider:2)
  A lindwurm (Lair:5)
  A necromancer (Lair:2)
  2 orc knights
  2 cyclopes
  7 ugly things
  4 wolf spiders
  2 black mambas
  An ice statue (Spider:3)
  8 elephants (Lair:5)
  A demonic crawler (Spider:2)
  An unseen horror (shapeshifter) (D:11)
  9 rime drakes
  A torpor snail (Spider:3)
  An unseen horror (D:11)
  7 cane toads
  4 komodo dragons
  Psyche (D:10)
  2 kobold demonologists
  4 trolls
  A hornet (D:9)
  6 polar bears
  Prince Ribbit (D:7)
  5 tarantellas (Spider:3)
  Grinder (D:4)
  6 dream sheep (Lair:3)
  8 blink frogs
  A centaur simulacrum (D:11)
  Sigmund (D:6)
  2 jumping spiders (Spider:3)
  A slime creature (D:11)
  4 wraiths (D:11)
  16 yaks
  3 shadows
  3 wyverns
  4 fire bats (D:9)
  2 basilisks (Lair:2)
  A steam dragon (D:8)
  16 redbacks
  2 wargs (Orc:2)
  An acid dragon (D:11)
  A hell hound (D:9)
  9 water moccasins
  20 orc warriors
  A sky beast (D:6)
  2 ogres (Orc:1)
  3 black bears
  5 wolves
  3 centaurs
  2 phantoms
  7 bullfrogs
  A scorpion (D:5)
  4 wights (D:6)
  18 killer bees
  6 electric eels
  A bullfrog zombie (D:6)
  3 jellies
  A human zombie (Ossuary)
  A hound (D:6)
  A centaur skeleton (D:6)
  A gnoll bouda (D:6)
  12 orc priests
  A sleepcap (D:6)
  4 iguanas
  19 orc wizards
  6 hell rats (Lair:2)
  3 polar bear simulacra (Lair:2)
  4 yak simulacra (Lair:2)
  A killer bee zombie (D:6)
  3 wolf simulacra (Lair:2)
  3 mummies
  5 gnolls (D:6)
  4 adders
  A shadow imp (D:5)
  A white imp (D:6)
  An ufetubus (D:6)
  2 worms (D:2)
  2 dart slugs
  54 orcs
  3 bats
  2 endoplasms
  2 giant cockroaches
  10 goblins
  5 hobgoblins
  7 kobolds
  5 quokkas
  2 ball pythons
  2 frilled lizards (D:1)
  A goblin zombie (Ossuary)
  11 hobgoblin zombies (Ossuary)
  2 jackal zombies (Ossuary)
  11 kobold zombies (Ossuary)
  9 orc zombies
  2 rats
  2 rat zombies (Ossuary)
  A river rat simulacrum (Lair:2)
478 creatures vanquished.

Vanquished Creatures (others)
  An orc (D:8)
  A fire vortex (D:9)
  10 fungi
  26 plants
38 creatures vanquished.

Grand Total: 516 creatures vanquished

Notes
Turn   | Place    | Note
-------+----------+-------------------------------------------
     0 | D:1      | lunkers the Meteoran Fighter began the quest for the Orb.
     0 | D:1      | Reached XP level 1. HP: 19/19 MP: 2/2
   253 | D:1      | Reached XP level 2. HP: 26/26 MP: 3/3
   535 | D:2      | Reached XP level 3. HP: 22/31 MP: 4/4
   750 | D:2      | Reached skill level 5 in Maces & Flails
   800 | D:3      | Reached XP level 4. HP: 24/38 MP: 5/5
   907 | D:3      | Found a runed translucent gate.
   907 | D:3      | Found a runed translucent gate.
   907 | D:3      | Found a runed translucent gate.
   957 | D:3      | Noticed sugarbear's ghost (amateur DjFE)
  1273 | D:4      | Found a shadowy altar of Dithmenos.
  1331 | D:4      | Reached XP level 5. HP: 10/45 MP: 6/6
  1421 | D:4      | Noticed Grinder
  1435 | D:4      | Killed Grinder
  1436 | D:4      | Reached XP level 6. HP: 35/51 MP: 7/7
  1521 | D:5      | Entered Level 5 of the Dungeon
  1525 | D:5      | Reached XP level 7. HP: 53/57 MP: 8/8
  1919 | D:5      | Reached skill level 10 in Maces & Flails
  1941 | D:6      | Reached XP level 8. HP: 27/63 MP: 9/9
  2206 | D:6      | Gained mutation: You passively map the area around you.
                  | [Meteoran growth]
  2206 | D:6      | Reached XP level 9. HP: 70/70 MP: 10/10
  2310 | D:6      | Upgraded the game from 0.30-a0-956-gcec3b41aec to
                  | 0.30-a0-972-gf3ab3527aa
  2329 | D:6      | Noticed Sigmund
  2337 | D:6      | Killed Sigmund
  2455 | D:7      | Found a sand-covered staircase.
  2465 | Ossuary  | Entered an ossuary
  2775 | D:7      | Reached skill level 4 in Fighting
  2796 | D:7      | Noticed Prince Ribbit
  2821 | D:7      | Killed Prince Ribbit
  2822 | D:7      | Reached skill level 5 in Armour
  2895 | D:7      | Reached skill level 5 in Fighting
  2954 | D:7      | Identified the orb "Fuonwele" {light, rC- rN++ Str+3}
  3036 | D:7      | Noticed a green ugly thing
  3037 | D:7      | Found a corrupted altar of Lugonu.
  3038 | D:7      | Noticed an unseen horror
  3039 | D:7      | Noticed a purple ugly thing
  3040 | D:7      | Noticed a brown ugly thing
  3149 | D:8      | Reached XP level 10. HP: 67/83 MP: 11/11
  3287 | D:7      | You fall into a shaft and drop 3 floors!
  3287 | D:10     | Entered Level 10 of the Dungeon
  3368 | D:10     | Reached skill level 6 in Fighting
  3368 | D:10     | Reached skill level 1 in Evocations
  3430 | D:10     | Found a flagged portal.
  3462 | Bailey   | Entered a bailey
  3512 | Bailey   | Reached skill level 7 in Fighting
  3644 | Bailey   | Noticed an orc high priest
  3669 | Bailey   | Killed an orc high priest
  3670 | Bailey   | Reached skill level 5 in Evocations
  3688 | Bailey   | Found an iron altar of Okawaru.
  3688 | Bailey   | Noticed an orc knight
  3688 | Bailey   | Noticed a kobold demonologist
  3699 | Bailey   | Killed an orc knight
  3700 | Bailey   | Reached skill level 8 in Fighting
  3700 | Bailey   | Reached XP level 11. HP: 78/94 MP: 12/12
  3718 | Bailey   | Became a worshipper of Warmaster Okawaru
  3758 | Bailey   | Identified the +0 rapier of Gallantry {vamp, +Blink rC++
                  | Str-2 Dex+2}
  3954 | D:9      | Found a staircase to the Orcish Mines.
  4008 | D:9      | Reached skill level 1 in Invocations
  4012 | D:9      | Reached skill level 9 in Fighting
  4012 | D:9      | Reached skill level 10 in Armour
  4012 | D:9      | Reached skill level 5 in Invocations
  4012 | D:9      | Reached XP level 12. HP: 53/105 MP: 12/16
  4015 | D:9      | Reached * piety under Okawaru
  4147 | D:9      | Reached skill level 10 in Fighting
  4484 | D:8      | Found a shimmering altar of Xom.
  4485 | D:8      | Found a shimmering altar of Xom.
  4486 | D:8      | Found a shimmering altar of Xom.
  4555 | D:9      | Reached ** piety under Okawaru
  4684 | D:9      | Noticed a two-headed ogre
  4699 | D:9      | Killed a two-headed ogre
  4814 | Orc:1    | Entered Level 1 of the Orcish Mines
  5061 | Orc:2    | Entered Level 2 of the Orcish Mines
  5097 | Orc:2    | Noticed patfeehan111222's ghost (journeyman MiBe)
  5098 | Orc:2    | Noticed an orc knight
  5174 | Orc:2    | Noticed an orc knight
  5179 | Orc:2    | Noticed an orc knight
  5180 | Orc:2    | Noticed an orc warlord
  5206 | Orc:2    | Found a transporter.
  5226 | Orc:2    | Found a staircase to the Elven Halls.
  5286 | Orc:2    | Reached skill level 11 in Fighting
  5345 | Orc:2    | Reached *** piety under Okawaru
  5353 | Orc:1    | Noticed an orc knight
  5393 | Orc:2    | Killed an orc knight
  5394 | Orc:2    | Reached XP level 13. HP: 27/116 MP: 17/17
  5860 | D:10     | Found an ornate altar of the Wu Jian Council.
  5872 | D:10     | Noticed Psyche
  5881 | D:10     | Killed Psyche
  6084 | D:11     | Found a runed translucent door.
  6393 | D:11     | Reached skill level 12 in Fighting
  6461 | D:11     | Noticed Josephine
  6476 | D:11     | Killed Josephine
  6476 | D:11     | Reached **** piety under Okawaru
  6608 | D:11     | Noticed a boulder beetle
  6657 | D:11     | Killed a boulder beetle
  6676 | D:11     | Noticed a two-headed ogre
  6702 | D:11     | Received a gift from Okawaru
  6708 | D:11     | Killed a two-headed ogre
  6715 | D:11     | Identified the +2 pair of gloves of the Cartwright {rF+ rC+
                  | Regen+ Int-3}
  6724 | D:11     | Noticed a storm dragon
  6764 | D:11     | HP: 3/119 [storm dragon (12)]
  6766 | D:11     | Killed a storm dragon
  6767 | D:11     | Reached skill level 13 in Fighting
  6858 | D:10     | Found a burning altar of Makhleb.
  6858 | D:10     | Found a hazy altar of Hepliaklqana.
  7444 | D:10     | Found a white marble altar of Elyvilon.
  7464 | D:10     | Found a glowing golden altar of the Shining One.
  7509 | D:10     | Found a staircase to the Lair.
  7523 | Lair:1   | Entered Level 1 of the Lair of Beasts
  7692 | Lair:2   | Found a staircase to the Swamp.
  7782 | Lair:2   | Reached XP level 14. HP: 107/129 MP: 18/18
  8376 | Lair:5   | Entered Level 5 of the Lair of Beasts
  8415 | Lair:4   | HP: 6/130 [poisoned by a cane toad]
  8485 | Lair:5   | Reached skill level 15 in Armour
  8593 | Lair:5   | Reached skill level 10 in Evocations
  8632 | Lair:5   | Reached skill level 14 in Fighting
  8686 | Lair:5   | Reached ***** piety under Okawaru
  9002 | Lair:5   | Reached skill level 10 in Dodging
  9024 | Lair:5   | Reached XP level 15. HP: 106/139 MP: 19/19
  9058 | Lair:5   | Reached skill level 15 in Fighting
  9303 | Lair:4   | Found a staircase to the Slime Pits.
  9606 | Lair:2   | Found a hole to the Spider Nest.
  9611 | Spider:1 | Entered Level 1 of the Spider Nest
  9704 | Spider:2 | Reached skill level 16 in Fighting
 10162 | Spider:3 | Received a gift from Okawaru
 10195 | Spider:3 | Found a frozen archway.
 10219 | Spider:3 | Reached skill level 17 in Fighting
 10235 | IceCv    | Entered an ice cave
 10273 | IceCv    | Identified the +0 chain mail of Focus {Contam rPois Regen+
                  | Int-4} (Okawaru gifted it to you in an ice cave)
 10273 | IceCv    | Received a gift from Okawaru
 10513 | IceCv    | Noticed a frost giant
 10513 | IceCv    | Noticed a frost giant
 10518 | IceCv    | Reached skill level 18 in Fighting
 10531 | IceCv    | Killed a frost giant
 10532 | IceCv    | Reached XP level 16. HP: 129/157 MP: 18/20
 10532 | IceCv    | Killed a frost giant
 10576 | IceCv    | Identified the ring of the Pure Tables {rC+ Stlth+}
 10747 | Spider:4 | Entered Level 4 of the Spider Nest
 10846 | Spider:4 | Noticed an emperor scorpion
 10849 | Spider:4 | Noticed a ghost moth
 10853 | Spider:4 | HP: 7/155 [spark wasp (12)]
 10854 | Spider:4 | Mangled by a wolf spider

Illustrated notes

Levels and vault maps discovered:
D:1:      psy_arrival_fountain, layout_basic
D:2:      layout_loops_corners, reono_crystal_passage
D:3:      wander_river, layout_loops_ring, gammafunk_ghost_necromancy
D:4:      layout_basic, nicolae_dithmenos_through_a_glass_darkly,
          minmay_temple_entry_butterflies, serial_shops, nicolae_lakefront_shop,
          uniq_grinder, uniq_duvessa
D:5:      layout_loops_ring, nrook_mini_backslash
D:6:      lemuel_ice_spiral_2, layout_basic, grunt_gozag_breadcrumbs,
          serial_undead, serial_undead_c, serial_undead_a, serial_undead_e,
          serial_undead_e, kennysheep_boxes, uniq_sigmund
D:7:      gammafunk_corrupted_shrine, layout_basic, lemuel_doored_altar,
          nicolae_ossuary_entry_giza, uniq_prince_ribbit1
D:8:      layout_basic, xom_redecorated, kennysheep_flooded_box, dk_vineyard_3
D:9:      corexii_shack_village, layout_basic, minmay_orc_entry_temple_small,
          hangedman_incinerator
D:10:     layout_big_octagon, tso_altar, elyvilon_altar_1,
          nicolae_wu_jian_glorious_leap, nicolae_overflow_two_pavilions,
          lair_entry_dummy, enter_bailey_4, uniq_psyche
D:11:     layout_loops_cross, lightli_airlock, uniq_josephine
Lair:1:   layout_cave_shapes, nicolae_lair_run_with_the_wolves,
          lemuel_fruit_fields
Lair:2:   layout_hall_layers, swamp_mist, hellmonk_spider_entry_life_and_decay,
          eino_house_with_fridge
Lair:3:   layout_long_grid, wad_woods_road_03, kennysheep_snail_temple,
          infiniplex_staircase_pool
Lair:4:   layout_cave_shapes, dpeg_slime_entry_enclosed, serial_bayou_shore_a
Lair:5:   grunt_lair_end_beastmaster, layout_regular_city,
          infiniplex_staircase_pool_2
Spider:1: layout_spider_delve
Spider:2: nicolae_spider_hilbert_zone_5 [nicolae_spider_hilbert_3_sides_1_open,
          nicolae_spider_hilbert_4_sides_1_open,
          nicolae_spider_hilbert_4_sides_1_open,
          nicolae_spider_hilbert_6_sides_1_open,
          nicolae_spider_hilbert_6_sides_1_open], nicolae_spider_world_wide_web
Spider:3: layout_spider_delve, portal_ice_cave_entry_ice_statue_one
Spider:4: grunt_spider_rune_parallel, nicolae_spider_shape
Orc:1:    layout_caves, mines3_lemuel
Orc:2:    grunt_orc_cross, layout_diamond_mine,
          gammafunk_ghost_wrathful_warriors, kennysheep_orc_chapel

Skill      XL: |  1  2  3  4  5  6  7  8  9 10 11 12 13 14 15 |
---------------+----------------------------------------------+-----
Maces & Flails | 3 4 5 6 8 10 12 14 | 14.0
Armour         | 6 8 10 12 14 15 | 15.0
Fighting       | 5 8 9 11 13 14 18 | 18.8
Evocations     | 5 8 11 | 11.0
Invocations    | 5 |  5.0
Dodging        | 6 7 10 | 10.0
Shields        | |  3.6

Action                     |  1- 3 |  4- 6 |  7- 9 | 10-12 | 13-15 | 16-18 || total
---------------------------+-------+-------+-------+-------+-------+-------++-------
  Melee: Flail             |    87 |    84 |    82 |       |       |       ||   253
         Mace              |       |       |   253 |   473 |  1534 |    52 ||  2312
 Invoke: Heroism           |       |       |       |     2 |    38 |     2 ||    42
         Finesse           |       |       |       |       |     1 |       ||     1
  Evoke: Wand              |       |       |     4 |     8 |    18 |       ||    30
    Use: Potion            |       |     1 |     1 |     2 |    13 |     2 ||    19
         Scroll            |       |       |    17 |     4 |    12 |     3 ||    36
   Stab: Paralysed         |       |       |       |     9 |    22 |       ||    31
         Petrified         |       |       |       |       |     3 |       ||     3
 Armour: Scale mail        |    42 |     1 |       |       |       |       ||    43
         Plate armour      |       |    57 |    82 |       |       |       ||   139
         Chain mail        |       |       |    70 |   194 |   941 |    81 ||  1286
  Dodge: Dodged            |    24 |    16 |    54 |   210 |  1133 |    66 ||  1503
  Block: Buckler           |    18 |    23 |    55 |       |       |       ||    96

Table legend: (Time is in decaauts)
 A = Elapsed time spent in this place.
 B = Non-inter-level travel time spent in this place.
 C = Inter-level travel time spent in this place.
 D = Time resting spent in this place.
 E = Time spent auto-exploring this place.
 F = Levels seen in this place.
 G = Mean time per level.
                   A        B        C        D        E       F      G
               +--------+--------+--------+--------+--------+-----+--------+
         Total |  10279 |   9571 |    708 |      0 |   4157 |  25 |  411.2 |
       Dungeon |   5885 |   5291 |    594 |      0 |   3285 |  11 |  535.0 |
          Lair |   1891 |   1820 |     71 |      0 |    376 |   5 |  378.2 |
   Spider Nest |    685 |    685 |      0 |      0 |      0 |   4 |  171.2 |
  Orcish Mines |    801 |    759 |     42 |      0 |    396 |   2 |  400.5 |
       Ossuary |    266 |    266 |      0 |      0 |     99 |   1 |  266.0 |
        Bailey |    320 |    320 |      0 |      0 |      1 |   1 |  320.0 |
      Ice Cave |    428 |    428 |      0 |      0 |      0 |   1 |  428.0 |
               +--------+--------+--------+--------+--------+-----+--------+

Top non-repeatable levels by time:
     D:9: 883 daAuts
    D:11: 869 daAuts
  Lair:5: 736 daAuts
     D:8: 732 daAuts
    D:10: 500 daAuts
     D:6: 478 daAuts
  Lair:2: 469 daAuts
     D:3: 467 daAuts
     D:7: 457 daAuts
Spider:3: 455 daAuts
   IceCv: 428 daAuts
   Orc:1: 420 daAuts
     D:5: 399 daAuts
     D:2: 388 daAuts
     D:1: 384 daAuts
